 Dungeon Crawl Stone Soup version 0.29.0-5-ge4962eb29e (webtiles) character file.

Game seed: 1752461868247497544

430 xian the Shooter (level 6, -1/37 HPs)
             Began as a Tengu Hunter on Aug 30, 2022.
             Slain by Pikel
             ... wielding a +1 whip of electrocution
              (6 damage)
             ... on level 6 of the Dungeon.
             The game lasted 00:09:41 (4225 turns).

xian the Shooter (Tengu Hunter)                     Turns: 4225, Time: 00:09:41

Health: -1/37      AC:  3    Str: 13    XL:     6   Next: 99%
Magic:  7/7        EV: 14    Int: 10    God:
Gold:   167        SH:  0    Dex: 17    Spells: 5/5 levels left

rFire   . . .      SeeInvis .   k - +4 hand axe (freeze)
rCold   . . .      Faith    .   (no shield)
rNeg    . . .      Spirit   .   c - +0 leather armour
rPois   .          Reflect  .   (helmet restricted)
rElec   .          Harm     .   (no cloak)
rCorr   .          Rampage  .   (no gloves)
Will    .....                   (boots unavailable)
Stlth   ++........              (no amulet)
HPRegen 0.12/turn               (no ring)
MPRegen 0.10/turn               (no ring)

@: flying quickly and evasively, quick
A: beak, talons 3, nimble flight
a: no special abilities


You were on level 6 of the Dungeon.
You visited 1 branch of the dungeon, and saw 6 of its levels.
You also visited: Sewer.

You collected 192 gold pieces.
You spent 25 gold pieces at shops.

Inventory:

Hand Weapons
 a - a +0 shortbow
 k - a +4 hand axe of freezing (weapon)
Armour
 c - a +0 leather armour (worn)
 l - a +0 chain mail
Jewellery
 f - a ring of willpower
Scrolls
 b - a scroll of immolation
 d - a scroll of fear
 e - 3 scrolls of identify
 h - a scroll of enchant armour
 i - a scroll of magic mapping
 j - 2 scrolls of torment
 m - a scroll of poison
 n - a scroll of enchant weapon
Potions
 g - 2 potions of brilliance
 o - a potion of flight
 p - a potion of might


   Skills:
 + Level 3.3 Fighting
 + Level 0.3 Axes
 + Level 7.6 Ranged Weapons
 + Level 2.5 Armour
 + Level 2.4 Dodging
 + Level 1.1 Stealth


You had 5 spell levels left.
You didn't know any spells.
Your spell library contained the following spells:

 Spells                   Type           Power      Damage    Failure   Level
 Gell's Gravitas          Tloc           0%         N/A       82%         3
 Teleport Other           Tloc           0%         N/A       82%         3
 Freezing Cloud           Conj/Ice/Air   0%         6-21      100%        5
 Dispersal                Tloc           0%         N/A       100%        6
 Simulacrum               Ice/Necr       0%         N/A       100%        6
 Polar Vortex             Ice            0%         N/A       100%        9


Dungeon Overview and Level Annotations

Branches:
Dungeon (5/15)              Sewer (visited)
 Temple: D:4-7

Altars:

Shops:
D:2 *   D:3 *

Annotations:
D:2 1 runed translucent door, Crazy Yiuf
D:3 Sigmund
D:6 Pikel


Innate Abilities, Weirdness & Mutations

You have a beak for a mouth.
You have claws for feet.
Your magical nature lets you fly swiftly and evasively.


Message History

The hound bites you but does no damage. The hound completely misses you.
You shoot an arrow. The arrow closely misses the hound.
The arrow hits the lemure but does no damage.
The hound bites you. The lemure completely misses you.
The hound closely misses you. The hound attacks as you move away!
The hound misses you. The hound closely misses you.
The hound bites you but does no damage. The lemure misses you.
The hound barely misses you. The hound misses you. The lemure hits you.
The hound bites you. The lemure closely misses you.
The lemure shouts!
You hear a shout!
The hound closely misses you. The hound bites you but does no damage.
You reach down and open the door.
The hound misses you. The hound bites you. The hound barely misses you.
There is an open door here.
The hound attacks as you move away! The hound bites you but does no damage.
The hound bites you.
Unknown command.
The hound bites you. The hound attacks as you move away!
The hound barely misses you. x2
There is an open door here.
Your +4 hand axe of freezing glows with a cold blue light!
k - a +4 hand axe of freezing (weapon)
The hound bites you.
Unknown command.
You slash the hound! You freeze the hound.
You kill the hound!
Pikel barely misses you. The lemure hits you.
There is an open door here.
You see here a hound corpse.
Unknown command.
You closely miss Pikel. Your kick misses Pikel.
You peck Pikel, but do no damage.
Pikel hits you with a +1 whip of electrocution.
You are electrocuted!
* * * LOW HITPOINT WARNING * * *
You miss Pikel. Your kick misses Pikel.
Pikel hits you with a +1 whip of electrocution.
You die...

#.....[........<....#
#............########
#............#.....#########
##+###'###'###.....#.......#
#...........+......+.......#
#.........55######'#.......#
#.........55#..............#
##+########K#..............#
.......@...............#
................########
................#
.........######## .........#
.........# .........+
.........#


You could see Pikel and 4 lemures.

Vanquished Creatures
  A phantom (D:4)
  2 bullfrogs (Sewer)
  A necrophage (D:4)
  A hound (D:6)
  4 adders
  2 worms
  6 dart slugs
  An orc (D:4)
  7 ball pythons
  2 endoplasms
  9 giant cockroaches
  6 goblins
  7 hobgoblins
  7 jackals
  7 quokkas
  4 bats
  10 frilled lizards
  10 kobolds
  2 rats
89 creatures vanquished.

Notes
Turn   | Place    | Note
-------+----------+-------------------------------------------
     0 | D:1      | xian the Tengu Hunter began the quest for the Orb.
     0 | D:1      | Reached XP level 1. HP: 12/12 MP: 2/2
   146 | D:1      | Found a faded altar of an unknown god.
   193 | D:1      | Reached XP level 2. HP: 17/17 MP: 3/3
   225 | D:1      | Reached skill level 5 in Ranged Weapons
   518 | D:1      | Reached XP level 3. HP: 21/21 MP: 4/4
   650 | D:2      | Found Seoklaarph's Assorted Antiques.
   657 | D:2      | Bought a scroll labelled VEROIFUNEX for 25 gold pieces
   693 | D:2      | Found a runed translucent door.
   694 | D:2      | Noticed Crazy Yiuf
  1896 | D:3      | Found Hatar's Assorted Antiques.
  2112 | D:3      | Reached XP level 4. HP: 26/26 MP: 5/5
  2136 | D:3      | Noticed Sigmund
  2402 | D:3      | Found a glowing drain.
  2421 | Sewer    | Entered a sewer
  2676 | Sewer    | Reached skill level 6 in Ranged Weapons
  2887 | Sewer    | Reached skill level 1 in Armour
  2958 | Sewer    | Gained mutation: Your magical nature lets you fly swiftly
                  | and evasively. [Tengu growth]
  2958 | Sewer    | Reached XP level 5. HP: 31/31 MP: 6/6
  3006 | Sewer    | HP: 1/31 [bullfrog (4)]
  3016 | Sewer    | Reached XP level 6. HP: 11/37 MP: 7/7
  3554 | D:4      | Reached skill level 7 in Ranged Weapons
  4135 | D:5      | Entered Level 5 of the Dungeon
  4159 | D:5      | You are sucked into a shaft and drop 1 floor!
  4195 | D:6      | Noticed Pikel
  4225 | D:6      | Slain by Pikel

Illustrated notes

Levels and vault maps discovered:
D:1:      eino_arrival_water_cross, layout_loops_ring,
          chequers_ecumenical_altar_simple, minivault_14,
          chequers_serial_rivers_micro_c
D:2:      minmay_general_purpose_star, layout_basic, serial_shops,
          nicolae_shop_trees, uniq_crazy_yiuf_cottage
D:3:      layout_loops_corners, serial_shops, nicolae_shop_behind_doors,
          gup_sewer_entry_glass, minmay_misc_feat_tower, st_stairs_2,
          uniq_sigmund
D:4:      layout_layer_cave
D:5:      layout_cave_pools
D:6:      layout_gridville, uniq_pikel

Skill      XL: |  1  2  3  4  5  6 |
---------------+-------------------+-----
Ranged Weapons | 5 6 7 |  7.6
Armour         | 1 2 |  2.5
Fighting       | 3 |  3.3
Axes           | |  0.3
Dodging        | |  2.4
Stealth        | |  1.1

Action                   |  1- 3 |  4- 6 || total
-------------------------+-------+-------++-------
Melee: Hand axe          |     1 |    16 ||    17
       Kick              |       |     3 ||     3
       Punch             |       |     2 ||     2
       Shortbow          |       |     1 ||     1
       Peck              |       |     3 ||     3
 Fire: Shortbow          |    99 |   138 ||   237
  Use: Scroll            |     7 |     6 ||    13
       Potion            |       |     2 ||     2
Armor: Leather armour    |     3 |    15 ||    18
       Chain mail        |    12 |    68 ||    80
Dodge: Dodged            |    14 |    94 ||   108
